 Dungeon Crawl Stone Soup version 0.24-a0-201-gf205589 (webtiles) character file.

Game seed: 3223708622862271511

63 Borgoz the Sneak (level 4, -12/33 HPs)
             Began as a Ghoul Enchanter on Mar 24, 2019.
             Mangled by a kobold
             ... wielding a +0 short sword of electrocution
              (19 damage)
             ... on level 2 of the Dungeon.
             The game lasted 00:02:51 (1517 turns).

Borgoz the Sneak (Ghoul Enchanter)                  Turns: 1517, Time: 00:02:52

Health: -12/33     AC: 10    Str: 11    XL:     4   Next: 9%
Magic:  5/5        EV:  2    Int: 10    God:
Gold:   87         SH:  0    Dex: 10    Spells: 5/6 levels left

rFire    . . .     SeeInvis .   a - +1 dagger
rCold    + . .     Gourm    .   (no shield)
rNeg     + + +     Faith    .   g - +0 plate armour
rPois    ∞         Spirit   .   (no helmet)
rElec    .         Reflect  .   (no cloak)
rCorr    .         Harm     .   (no gloves)
MR       .....                  (no boots)
Stlth    ..........             (no amulet)
HPRegen  0.00/turn              (no ring)
MPRegen  0.09/turn              (no ring)

@: rotting
A: rotting body, claws 1, carnivore, cold resistance 1, negative energy
resistance 3, inhibited regeneration, torment resistance, unbreathing
a: no special abilities


You were on level 2 of the Dungeon.
You were not hungry.

You visited 1 branch of the dungeon, and saw 2 of its levels.

You collected 87 gold pieces.

Inventory:

Hand Weapons
 a - a +1 dagger (weapon)
Armour
 b - a +0 robe
 g - a +0 plate armour (worn)
Scrolls
 e - 2 scrolls of remove curse {unknown}
 j - a scroll of magic mapping {unknown}
 k - a scroll of identify {unknown}
 l - a scroll of teleportation {unknown}
Potions
 c - a potion of lignification
 f - a potion of haste
Comestibles
 d - 2 rations


   Skills:
 * Level 2.4 Short Blades
 + Level 1.4 Armour
 + Level 2.3 Dodging
 - Level 3.2 Stealth
 - Level 1.7 Spellcasting
 - Level 2.4 Hexes


You had 5 spell levels left.
You knew the following spells:

 Your Spells              Type           Power        Failure   Level  Hunger
a - Corona                Hex            #......      100%        1    ##.....

Your spell library contained the following spells:

 Spells                   Type           Power        Failure   Level  Hunger
 Ensorcelled Hibernation  Hex/Ice        #.....       100%        2    ###....
 Confuse                  Hex            #.......     100%        3    ####...
 Dazzling Spray           Conj/Hex       #.....       100%        3    ####...
 Tukima's Dance           Hex            #.......     100%        3    ####...


Dungeon Overview and Level Annotations

Branches:
Dungeon (2/15)

Altars:


Innate Abilities, Weirdness & Mutations

Your body is rotting away.
You thrive on raw meat.
You are immune to poison.
You have sharp fingernails.
You are carnivorous and can eat meat at any time.
Your flesh is cold resistant. (rC+)
You are immune to negative energy. (rN+++)
You do not regenerate when monsters are visible.
You are immune to unholy pain and torment.
You can survive without breathing.


Message History

The kobold is moderately wounded.
You barely miss the kobold.
The kobold is moderately wounded.
The kobold hits you but does no damage.
You barely miss the kobold. The kobold hits you but does no damage.
You miss the kobold. The kobold barely misses you.
You closely miss the kobold. The kobold hits you but does no damage.
You are electrocuted!!
Ouch! That really hurt!
* * * LOW HITPOINT WARNING * * *
Your plate armour prevents you from hitting the kobold.
The kobold hits you but does no damage.
You hit the kobold.
The kobold is heavily wounded.
The kobold hits you but does no damage.
Your plate armour prevents you from hitting the kobold.
The kobold is heavily wounded.
The kobold hits you but does no damage.
You are electrocuted!!
Ouch! That really hurt!
You die...

#.............##
#.......####.#.##
#.......###.###.##
##.........)## ##.#
#........#.#.###.##
#.......).....#.##
#..#..#..#<###.##
#..#..#..#.###.#####
#...#...........@KK####
...###...#####.###sg..#
##..#....# #.# #(g#.#
###..#### #.# #........
##.## #>. ...#.##.#
#...# ###<##g#.# #...#
#. .. . #...####### #
... # #...(.....# ...


You could see a gnoll, a giant cockroach, a goblin and 2 kobolds.

Vanquished Creatures
  A gnoll (D:1)
  An ooze (D:1)
  A worm (D:2)
  2 dart slugs (D:1)
  3 leopard geckos
  2 bats
  6 giant cockroaches
  5 goblins
  4 hobgoblins
  2 frilled lizards (D:1)
  4 kobolds
  5 rats
36 creatures vanquished.

Notes
Turn   | Place    | Note
-------+----------+-------------------------------------------
     0 | D:1      | Borgoz the Ghoul Enchanter began the quest for the Orb.
     0 | D:1      | Reached XP level 1. HP: 14/14 MP: 2/2
     8 | D:1      | Reached skill level 1 in Short Blades
    78 | D:1      | Reached XP level 2. HP: 10/20 MP: 3/3
   420 | D:1      | Reached skill level 1 in Armour
   420 | D:1      | Reached XP level 3. HP: 15/26 MP: 4/4
  1040 | D:2      | Reached XP level 4. HP: 11/33 MP: 5/5
  1062 | D:2      | Noticed a phantom
  1517 | D:2      | Mangled by a kobold

Levels and vault maps discovered:
D:1:      scummos_arrival_simple_fountains, layout_rooms
D:2:      layout_loops_cross

Skill      XL: |  1  2 |
---------------+-------+-----
Short Blades   | 1 2 |  2.4
Dodging        | 2 |  2.3
Armour         | 1 |  1.4
Stealth        | |  3.2
Spellcasting   | |  1.7
Hexes          | |  2.4

Action                   |  1- 3 |  4- 6 || total
-------------------------+-------+-------++-------
Melee: Dagger            |   190 |    76 ||   266
  Use: Potion            |       |     4 ||     4
 Stab: Sleeping          |     3 |       ||     3
  Eat: Chunk             |    14 |     5 ||    19
Armor: Robe              |     5 |       ||     5
       Plate armour      |   113 |    42 ||   155
Dodge: Dodged            |    47 |    10 ||    57

Table legend:
 A = Non-vault XP
 B = Vault XP
 C = Vault XP percentage of total XP
 D = Non-vault monster count
 E = Vault monster count
 F = Vault count percentage of total count
                 A         B        C        D         E       F
            +---------+---------+-------+---------+---------+-------
      Total |      90 |       0 |   0.0 |      36 |       0 |   0.0
            +---------+---------+-------+---------+---------+-------
        D:1 |      64 |       0 |   0.0 |      24 |       0 |   0.0
        D:2 |      26 |       0 |   0.0 |      12 |       0 |   0.0
            +---------+---------+-------+---------+---------+-------
